 Dungeon Crawl Stone Soup version 0.30-a0-339-g89bb51ec76 (webtiles) character file.

Game seed: 8958051784508709735

220 lunkers the Digger (level 6, -1/45 HPs)
             Began as a Meteoran Earth Elementalist on Oct 31, 2022.
             Slain by a sky beast (6 damage)
             ... on level 6 of the Dungeon.
             The game lasted 00:03:26 (890 turns).

lunkers the Digger (Meteoran Earth Elementalist)     Turns: 890, Time: 00:03:27

Health: -1/45      AC:  6    Str: 11    XL:     6   Next: 42%
Magic:  3/13       EV: 12    Int: 18    God:
Gold:   34         SH:  0    Dex: 14    Spells: 8/14 levels left

rFire   . . .      SeeInvis .    f - +1 short sword (venom)
rCold   . . .      Faith    .    (no shield)
rNeg    . . .      Spirit   .    a - +0 robe
rPois   .          Reflect  .    (no helmet)
rElec   .          Harm     .    (no cloak)
rCorr   .          Rampage  .    (no gloves)
Will    .....                    (no boots)
Stlth   +.........               (no amulet)
HPRegen 0.27/turn                e - +4 ring of protection
MPRegen 0.13/turn                (no ring)

@: very slightly contaminated, glowing
A: sense surroundings 1, otherworldly, glowing, explore regen
a: no special abilities


You were on level 6 of the Dungeon.
You visited 1 branch of the dungeon, and saw 5 of its levels.

You collected 34 gold pieces.

Inventory:

Hand Weapons
 f - a +1 short sword of venom (weapon)
Armour
 a - a +0 robe (worn)
Jewellery
 e - a +4 ring of protection (left hand)
Wands
 b - a wand of acid (3)
Scrolls
 c - a scroll of amnesia {unknown}
 d - a scroll of immolation {unknown}
 g - a scroll of noise {unknown}
Potions
 h - a potion of mutation {unknown}
 i - a potion of attraction {unknown}


   Skills:
 - Level 2.4 Dodging
 - Level 1.4 Stealth
 + Level 4.5 Spellcasting
 + Level 1.5 Conjurations
 - Level 1.2 Transmutations
 * Level 6.4 Earth Magic


You had 8 spell levels left.
You knew the following spells:

 Your Spells              Type           Power      Damage    Failure   Level
a - Sandblast             Erth           54%        2d13      1%          1
b - Passwall              Tmut/Erth      15%        N/A       4%          2
c - Stone Arrow           Conj/Erth      36%        3d9       8%          3

Your spell library contained the following spells:

 Spells                   Type           Power      Damage    Failure   Level
 Slow                     Hex            16%        N/A       14%         1
 Petrify                  Tmut/Erth      18%        N/A       28%         4
 Confusing Touch          Hex            4%         N/A       38%         3
 Vampiric Draining        Necr           4%         2d6       38%         3


Dungeon Overview and Level Annotations

Branches:
Dungeon (6/15) Zot: 2079
 Temple: D:4-7

Altars:


Innate Abilities, Weirdness & Mutations

You passively map a small area around you.
You are easily found by Zot.
You glow in the dark.
You regain HP and MP as you explore.


Message History

Aim: a sky beast (76% to hit)
The blast of sand hits the sky beast.
The sky beast is lightly wounded.
The sky beast flickers out of sight!
Deactivating autopickup; reactivate with Ctrl-A.
Something hits you but does no damage. Something hits you.
* * * LOW HITPOINT WARNING * * *
Something shocks you.
* * * LOW HITPOINT WARNING * * *
Aiming: Sandblast (safe; 1% risk of failure)
Press: ? - help, Q - select action, (/) - cycle Shift-Dir - straight line You miscast Sandblast.
You are very lightly contaminated with residual magic.
Nothing appears to happen.
Something hits you but does no damage.
Aiming: Sandblast (safe; 1% risk of failure)
Press: ? - help, Q - select action, (/) - cycle Shift-Dir - straight line Something hits you but does no damage.
Aiming: Sandblast (safe; 1% risk of failure)
Press: ? - help, Q - select action, (/) - cycle Shift-Dir - straight line The blast of sand hits something!
Something hits you but does no damage. x2
Aiming: Sandblast (safe; 1% risk of failure)
Press: ? - help, Q - select action, (/) - cycle Shift-Dir - straight line Something hits you.
* * * LOW HITPOINT WARNING * * *
Something shocks you.
* * * LOW HITPOINT WARNING * * *
You hit something but do no damage. Something hits you.
* * * LOW HITPOINT WARNING * * *
Something shocks you.
* * * LOW HITPOINT WARNING * * *
Aiming: Sandblast (safe; 1% risk of failure)
Press: ? - help, Q - select action, (/) - cycle Shift-Dir - straight line The blast of sand hits something!
* * * LOW MAGIC WARNING * * *
Something hits you.
* * * LOW HITPOINT WARNING * * *
Something shocks you.
You die...

.###. , ,.... *
* , ,...* , *
.####.########.
...............
*
#####.#.#######
........)).....
* * *
#######{#######
* #@# * ### * ,
, ,, * , ,


There were no monsters in sight!

Vanquished Creatures
  A necrophage (D:6)
  A hound (D:6)
  Ijyb (D:3)
  Terence (D:2)
  3 gnolls (D:2)
  An adder (D:3)
  2 dart slugs (D:2)
  An orc (D:6)
  4 endoplasms
  2 goblins (D:1)
  5 hobgoblins
  3 kobolds
  3 quokkas (D:1)
  A ball python (D:1)
  4 bats
  2 frilled lizards (D:1)
  3 rats
38 creatures vanquished.

Notes
Turn   | Place    | Note
-------+----------+-------------------------------------------
     0 | D:1      | lunkers the Meteoran Earth Elementalist began the quest for
                  | the Orb.
     0 | D:1      | Reached XP level 1. HP: 14/14 MP: 5/5
    63 | D:1      | Reached skill level 4 in Earth Magic
    63 | D:1      | Reached XP level 2. HP: 20/20 MP: 2/6
   195 | D:1      | Reached XP level 3. HP: 26/26 MP: 5/8
   389 | D:2      | Reached skill level 5 in Earth Magic
   389 | D:2      | Reached XP level 4. HP: 33/33 MP: 5/10
   394 | D:2      | Learned a level 2 spell: Passwall
   398 | D:2      | Learned a level 3 spell: Stone Arrow
   529 | D:2      | Noticed Terence
   534 | D:2      | Killed Terence
   535 | D:2      | Reached XP level 5. HP: 35/38 MP: 6/11
   686 | D:3      | Noticed Ijyb
   698 | D:3      | Killed Ijyb
   864 | D:3      | You fall into a shaft and drop 3 floors!
   870 | D:5      | Entered Level 5 of the Dungeon
   870 | D:5      | Noticed a necrophage
   876 | D:6      | Reached skill level 6 in Earth Magic
   881 | D:6      | Noticed a sky beast
   882 | D:6      | Killed a necrophage
   883 | D:6      | Reached skill level 1 in Conjurations
   883 | D:6      | Reached XP level 6. HP: 27/45 MP: 8/13
   890 | D:6      | Slain by a sky beast

Illustrated notes

Levels and vault maps discovered:
D:1:      heliophobic_arrival_dark_side_of_the_moon, layout_basic,
          minmay_misc_feat_five, minmay_misc_feat_chi
D:2:      layout_loops_corners, amcnicky_mini_corridor_feature, uniq_terence
D:3:      layout_basic, chequers_temple_overflow_statue_of_worship,
          uniq_jessica, uniq_ijyb
D:5:      layout_rooms, serial_shops, shop_fountains, st_stairs_12
D:6:      old_forge, layout_basic, minmay_temple_entry_statues_fountains,
          sword_in_stone, uniq_grinder

Skill      XL: |  1  2  3  4  5 |
---------------+----------------+-----
Earth Magic    | 4 5 6 |  6.4
Spellcasting   | 3 4 |  4.5
Conjurations   | 1 |  1.5
Dodging        | |  2.4
Stealth        | |  1.4
Transmutations | |  1.2

Action                   |  1- 3 |  4- 6 || total
-------------------------+-------+-------++-------
Melee: Short sword       |       |     1 ||     1
 Cast: Sandblast         |    29 |    31 ||    60
       Stone Arrow       |       |     4 ||     4
  Use: Potion            |       |     1 ||     1
Armor: Robe              |     1 |    10 ||    11
Dodge: Dodged            |     1 |    11 ||    12

Table legend: (Time is in decaauts)
 A = Elapsed time spent in this place.
 B = Non-inter-level travel time spent in this place.
 C = Inter-level travel time spent in this place.
 D = Time resting spent in this place.
 E = Time spent auto-exploring this place.
 F = Levels seen in this place.
 G = Mean time per level.
                   A        B        C        D        E       F      G
               +--------+--------+--------+--------+--------+-----+--------+
         Total |    918 |    914 |      4 |      0 |    691 |   5 |  183.6 |
       Dungeon |    918 |    914 |      4 |      0 |    691 |   5 |  183.6 |
               +--------+--------+--------+--------+--------+-----+--------+

Top non-repeatable levels by time:
     D:2: 408 daAuts
     D:1: 288 daAuts
     D:3: 189 daAuts
     D:6: 25 daAuts
     D:5: 7 daAuts
